 Dungeon Crawl Stone Soup version 0.21.1-1-g345015fe64 (webtiles) character file.

529 LevaFresel the Bolt Thrower (level 7, -3/43 HPs)
             Began as a Kobold Hunter on June 11, 2018.
             Slain by Duvessa
             ... wielding a +0 rapier
              (12 damage)
             ... on level 4 of the Dungeon.
             The game lasted 00:26:51 (4373 turns).

LevaFresel the Bolt Thrower (Kobold Hunter)         Turns: 4373, Time: 00:26:52

Health: -3/43      AC:  5    Str: 11    XL:     7   Next: 48%
Magic:  7/7        EV: 15    Int: 12    God:
Gold:   136        SH:  0    Dex: 16    Spells: 6/6 levels left

rFire    . . .     SeeInvis .   b - +0 short sword
rCold    . . .     Gourm    .   (shield restricted)
rNeg     . . .     Faith    .   n - +0 ring mail
rPois    .         Spirit   .   (no helmet)
rElec    .         Reflect  .   (no cloak)
rCorr    .         Harm     .   (no gloves)
MR       .....                  (no boots)
Stlth    +.........             (no amulet)
HPRegen  0.14/turn              (no ring)
MPRegen  0.10/turn              (no ring)

@: no status effects
A: small, carnivore
a: no special abilities


You were on level 4 of the Dungeon.
You were very full.

You visited 1 branch of the dungeon, and saw 5 of its levels.

You collected 136 gold pieces.

Inventory:

Hand Weapons
 a - a +1 hand crossbow
 b - a +0 short sword (weapon)
Missiles
 i - 42 bolts
Armour
 d - a +0 scale mail
 n - a +0 ring mail (worn)
 q - a +0 buckler
Jewellery
 h - a +5 ring of intelligence
Scrolls
 o - 2 scrolls of identify
 r - a scroll of fog {unknown}
Potions
 c - a potion of cancellation {unknown}
 e - a potion of brilliance {unknown}
 j - 2 potions of flight
 k - a potion of magic {unknown}
 l - a potion of might {unknown}
 m - a potion of ambrosia
Comestibles
 f - 4 rations


   Skills:
 + Level 4.0 Fighting
 + Level 3.6 Short Blades
 * Level 7.0 Crossbows
 + Level 2.2 Armour
 + Level 4.2 Dodging
 - Level 1.3 Stealth


You had 6 spell levels left.
You didn't know any spells.

Dungeon Overview and Level Annotations

Branches:
Dungeon (5/15)
 Temple: D:4-7

Altars:
Dithmenos
Makhleb
Ru

Annotations:
D:2 Sigmund
D:4 Dowan, Duvessa


Innate Abilities, Weirdness & Mutations

You are small and have problems with some larger weapons.
You are carnivorous and can eat meat at any time.


Message History

Dowan casts a spell at you.
You are outlined in light.
Duvessa hits you with a rapier.
Dowan gestures at Duvessa while chanting.
Duvessa seems to speed up.
Duvessa hits you with a rapier. Duvessa hits you with a rapier!
Duvessa hits you with a rapier. Duvessa hits you but does no damage.
Duvessa says, "Practise, practise, practise!
One day you'll be as good as me." Duvessa closely misses you.
Duvessa completely misses you.
You are no longer glowing.
Duvessa misses you. Duvessa hits you with a rapier.
Duvessa hits you with a rapier. Duvessa hits you with a rapier!
Duvessa hits you with a rapier.
* * * LOW HITPOINT WARNING * * *
Duvessa hits you with a rapier!
You die...

####....####.........####......##
#...>...# ##.......## ##.......
#.##.##.# ##.....## #.......
#.##.##.## ##...## #.....##
#.##.....# ##'## ##...####
#.#####..#######.# #..####..
#................# #........
########..#####..## #..######
#..# ##.@.########.# #..#
##..e..........#
#..###.........###..#
#..##....o#.##......#
#......#..#.######.##
##.##.#...#.# #.#
#.......e#.######.#
########.#....>...# #.###########


You could see Duvessa, Dowan and an orc.

Vanquished Creatures
  An ogre (D:4)
  A scorpion (D:4)
  2 howler monkeys
  A hound (D:4)
  A bullfrog zombie (D:5)
  An orc priest (D:3)
  2 orc wizards (D:3)
  A worker ant (D:4)
  2 adders
  2 oozes
  2 worms (D:3)
  2 dart slugs
  2 leopard geckos (D:1)
  13 orcs (D:3)
  2 ball pythons
  8 bats
  A giant cockroach (D:1)
  5 goblins
  16 hobgoblins
  16 jackals
  A quokka (D:4)
  6 frilled lizards
  3 kobolds
  12 rats
103 creatures vanquished.

Notes
Turn   | Place    | Note
-------+----------+-------------------------------------------
     0 | D:1      | LevaFresel the Kobold Hunter began the quest for the Orb.
     0 | D:1      | Reached XP level 1. HP: 12/12 MP: 1/1
   136 | D:1      | Reached skill level 5 in Crossbows
   136 | D:1      | Reached XP level 2. HP: 18/18 MP: 2/2
   422 | D:1      | Reached XP level 3. HP: 22/22 MP: 3/3
   447 | D:1      | Reached skill level 1 in Short Blades
  1187 | D:2      | Reached XP level 4. HP: 27/27 MP: 4/4
  1221 | D:2      | Noticed Sigmund
  1306 | D:3      | Reached skill level 1 in Armour
  1466 | D:3      | Found a sacrificial altar of Ru.
  1501 | D:3      | Reached XP level 5. HP: 32/32 MP: 5/5
  1902 | D:4      | Reached skill level 6 in Crossbows
  2357 | D:3      | Reached XP level 6. HP: 37/37 MP: 6/6
  3611 | D:4      | Reached XP level 7. HP: 42/42 MP: 7/7
  3615 | D:4      | Found a shadowy altar of Dithmenos.
  3872 | D:5      | Entered Level 5 of the Dungeon
  3872 | D:5      | Found a burning altar of Makhleb.
  4144 | D:4      | Reached skill level 7 in Crossbows
  4323 | D:4      | Noticed Duvessa
  4323 | D:4      | Noticed Dowan
  4373 | D:4      | Slain by Duvessa

Skill      XL: |  1  2  3  4  5  6  7 |
---------------+----------------------+-----
Crossbows      | 5 6 7 |  7.0
Short Blades   | 1 2 3 |  3.6
Dodging        | 3 4 |  4.2
Armour         | 1 2 |  2.2
Fighting       | 3 4 |  4.0
Stealth        | |  1.3

Action                   |  1- 3 |  4- 6 |  7- 9 || total
-------------------------+-------+-------+-------++-------
Melee: Short sword       |    37 |   107 |    13 ||   157
 Fire: Hand crossbow     |    52 |   109 |    18 ||   179
  Use: Scroll            |       |     3 |       ||     3
       Potion            |       |     2 |       ||     2
 Stab: Sleeping          |       |     1 |       ||     1
  Eat: Chunk             |     9 |     6 |     2 ||    17
Armor: Leather armour    |    12 |    23 |       ||    35
       Ring mail         |       |     6 |     6 ||    12
Dodge: Dodged            |    59 |   121 |    26 ||   206
